 Dungeon Crawl Stone Soup version 0.31-a0-1074-g0b22e4e0f1 (webtiles) character file.

Game seed: 10873479725533329341

53 wildpjah the Chopper (level 3, -2/33 HPs)
             Began as a Hill Orc Fighter on Nov 26, 2023.
             Slain by Grinder (5 damage)
             ... on level 3 of the Dungeon.
             The game lasted 00:02:09 (1381 turns).

wildpjah the Chopper (Hill Orc Fighter)             Turns: 1381, Time: 00:02:11

Health: -2/33      AC:  7    Str: 20    XL:     3   Next: 89%
Magic:  3/3        EV:  9    Int:  8    God:
Gold:   95         SH:  4    Dex: 10    Spells: 2/2 levels left

rFire   . . .        a - +0 war axe
rCold   . . .        c - +0 buckler
rNeg    . . .        b - +0 scale mail
rPois   .            (no helmet)
rElec   .            (no cloak)
rCorr   .            (no gloves)
SInv    .            (no boots)
Will    .....        (no amulet) Stlth
                     (no ring)
HPRegen 0.25/turn    (no ring)
MPRegen 0.08/turn

%: no passive effects
@: mighty
A: no striking features
a: no special abilities


You were on level 3 of the Dungeon.
You visited 1 branch of the dungeon, and saw 3 of its levels.

You collected 95 gold pieces.

Inventory:

Hand Weapons
 a - a +0 war axe (weapon)
Armour
 b - a +0 scale mail (worn)
 c - a +0 buckler (worn)
Scrolls
 e - 6 scrolls of identify {unknown}
 g - a scroll of teleportation {unknown}
 h - a scroll of amnesia {unknown}
 i - a scroll of poison {unknown}
Potions
 f - a potion of mutation {unknown}
 j - a potion of resistance {unknown}


   Skills:
 + Level 3.9 Fighting
 + Level 3.9 Axes
 + Level 3.9 Armour
 + Level 0.1 Dodging
 + Level 3.6 Shields


You had 2 spell levels left.
You didn't know any spells.
Your spell library was empty.

Dungeon Overview and Level Annotations

Branches:
Dungeon (3/15)

Altars:
Sif Muna

Annotations:
D:3 Grinder


Message History

Grinder shouts!
Grinder is nearby!
You closely miss Grinder. Grinder hits you!
Grinder hits you but does no damage.
You hit Grinder.
Grinder is lightly wounded.
A quokka comes into view.
Grinder hits you but does no damage.
A worm comes into view.
You slash Grinder!
Grinder is heavily wounded.
Grinder hits you. Grinder closely misses you.
You hit Grinder.
Grinder is heavily wounded.
Grinder closely misses you.
You hit Grinder but do no damage.
Grinder is heavily wounded.
Grinder gestures at you. Pain shoots through your body! The quokka bites you.
You barely miss Grinder.
Grinder is heavily wounded.
You barely miss the quokka. The quokka misses you.
Grinder hits you but does no damage.
The quokka bites you but does no damage.
Grinder hits you.
You writhe in agony.
You hit Grinder.
Grinder is severely wounded.
You miss the quokka.
The quokka bites you but does no damage.
Grinder says, "There's only one good use for a tongue: cutting it out."
Grinder gestures at you. Pain shoots through your body!
* * * LOW HITPOINT WARNING * * *
You feel very mighty all of a sudden.
The quokka bites you but does no damage.
Grinder hits you.
* * * LOW HITPOINT WARNING * * *
You writhe in agony.
You die...
Grinder says, "Now the real fun starts!"

###.# #.#
#.# #.#
.######.#
........#
#######.#
#.#####.#
#.@5....#
#..r.w....
##########


You could see Grinder, a worm and a quokka.

Vanquished Creatures
  An adder (D:2)
  2 dart slugs
  6 ball pythons
  3 endoplasms (D:1)
  A giant cockroach (D:2)
  3 goblins
  2 hobgoblins
  7 bats
  4 frilled lizards (D:1)
  4 kobolds
  7 rats
40 creatures vanquished.

Notes
Turn   | Place    | Note
-------+----------+-------------------------------------------
     0 | D:1      | wildpjah the Hill Orc Fighter began the quest for the Orb.
     0 | D:1      | Reached XP level 1. HP: 19/19 MP: 1/1
   144 | D:1      | Reached XP level 2. HP: 27/27 MP: 2/2
   501 | D:1      | Reached XP level 3. HP: 30/33 MP: 3/3
   886 | D:2      | Found a shimmering blue altar of Sif Muna.
  1142 | D:2      | Found a faded altar of an unknown god.
  1372 | D:3      | Noticed Grinder
  1381 | D:3      | Slain by Grinder

Illustrated notes

Levels and vault maps discovered:
D:1:      nagdon_arrival_zigzag_paths, layout_basic
D:2:      layout_rooms, dreamdust_ecumenical_altar_hidden_monk_grotto,
          basic_altar, chequers_serial_rivers_small_b
D:3:      layout_loops_ring, serial_shops, shop, grunt_decor_one_mirror,
          uniq_grinder

Skill      XL: |  1  2 |
---------------+-------+-----
Axes           | 3 |  3.9
Fighting       | |  3.9
Armour         | |  3.9
Dodging        | |  0.1
Shields        | |  3.6

Action                     || total
---------------------------++-------
  Melee: War axe           ||   118
    Use: Potion            ||     1
 Armour: Scale mail        ||    92
  Dodge: Dodged            ||    58
  Block: Buckler           ||    28

Table legend: (Time is in decaauts)
 A = Elapsed time spent in this place.
 B = Non-inter-level travel time spent in this place.
 C = Inter-level travel time spent in this place.
 D = Time resting spent in this place.
 E = Time spent auto-exploring this place.
 F = Levels seen in this place.
 G = Mean time per level.
                   A        B        C        D        E       F      G
               +--------+--------+--------+--------+--------+-----+--------+
         Total |   1426 |   1389 |     37 |      0 |   1081 |   3 |  475.3 |
       Dungeon |   1426 |   1389 |     37 |      0 |   1081 |   3 |  475.3 |
               +--------+--------+--------+--------+--------+-----+--------+

Top non-repeatable levels by time:
     D:1: 903 daAuts
     D:2: 445 daAuts
     D:3: 78 daAuts
